 Dungeon Crawl Stone Soup version 0.31-a0-161-gb58dd9be76 (webtiles) character file.

Game seed: 15958795861426069213

128 qw the Chopper (level 5, -9/32 HPs)
             Began as a Gargoyle Fighter on June 12, 2023.
             Mangled by Edmund
             ... wielding a +2 dire flail of protection
              (13 damage)
             ... on level 4 of the Dungeon.
             The game lasted 00:01:01 (2630 turns).

qw the Chopper (Gargoyle Fighter)                   Turns: 2630, Time: 00:01:02

Health: -9/32      AC: 15    Str: 22    XL:     5   Next: 11%
Magic:  5/5        EV:  6    Int:  8    God:
Gold:   137        SH:  4    Dex:  9    Spells: 4/4 levels left

rFire   . . .        Y - +0 war axe
rCold   . . .        c - +0 buckler
rNeg    + . .        i - +0 plate armour
rPois   inf          (no helmet)
rElec   +            (no cloak)
rCorr   .            (no gloves)
SInv    .            (no boots)
Will    .....        g - amulet of faith Stlth
                     (no ring)
HPRegen 0.25/turn    (no ring)
MPRegen 0.09/turn

%: faith
@: no status effects
A: sickness immunity, AC +4, negative energy resistance 1, electricity
resistance, torment resistance 1, petrification resistance
a: no special abilities


You were on level 4 of the Dungeon.
You visited 1 branch of the dungeon, and saw 4 of its levels.

You collected 137 gold pieces.


Innate Abilities, Weirdness & Mutations

You are immune to sickness and miasma.
Your stone body is resilient. (AC +4)
You are immune to poison.
You resist negative energy. (rN+)
You are resistant to electric shocks. (rElec)
You are resistant to unholy torment.
You are immune to petrification.


   Skills:
 - Level 3.2 Fighting
 + Level 4.4 Axes
 - Level 1.0 Throwing
 - Level 3.2 Armour
 - Level 3.2 Shields


You had 4 spell levels left.
You didn't know any spells.
Your spell library was empty.

Inventory:

Hand Weapons
 h - a +0 morningstar
 Y - a +0 war axe (weapon)
Missiles
 j - a boomerang
Armour
 c - a +0 buckler (worn)
 i - a +0 plate armour (worn)
Jewellery
 g - an amulet of faith (around neck)
Scrolls
 n - a scroll of identify
Potions
 d - a potion of might
 l - a potion of attraction {unknown}

Dungeon Overview and Level Annotations

Branches:
Dungeon (4/15)
 Temple: D:4-7

Altars:

Shops:
D:1 :

Annotations:
D:4 Edmund


Message History

You hit Edmund but do no damage.
The hound bites you but does no damage. x2; Edmund hits you but does no damage.
You completely miss the hound.
The hound is almost dead.
You closely miss Edmund. The hound bites you but does no damage.
Edmund hits you but does no damage. The hound barely misses you.
You miss the hound.
The hound is almost dead.
You slash Edmund! The hound barely misses you.
Edmund hits you but does no damage. The hound bites you but does no damage.
Edmund hits you with a +2 dire flail of protection!
You barely miss the hound.
The hound is almost dead.
You barely miss Edmund.
The hound bites you but does no damage. x2
Edmund hits you with a +2 dire flail of protection!
2625 ||| DRINKING potion of heal wounds.
You feel much better. The hound bites you. Edmund completely misses you.
The hound bites you but does no damage.
You slash the hound!
You kill the hound!
You closely miss Edmund.
Edmund hits you with a +2 dire flail of protection!
You have reached level 5!
You hit Edmund but do no damage.
Edmund is lightly wounded.
Edmund barely misses you. Edmund hits you but does no damage.
You slash Edmund!
Edmund is moderately wounded.
Edmund hits you but does no damage.
You hit Edmund.
Edmund is heavily wounded.
You block Edmund's attack.
You hit Edmund.
Edmund is heavily wounded.
Edmund hits you with a +2 dire flail of protection! x2
You die...

#. #.# # #.# #+##
##.##.# #...# .
...# #.....
#.##.## #......
#.#...####.......
#.......)@......(
#.#<..####@......
##.## #.....( ###
#....( #...# #+##


You could see Edmund.

Vanquished Creatures
  A hound (D:4)
  3 adders
  2 dart slugs
  9 ball pythons
  7 bats
  An endoplasm (D:2)
  4 giant cockroaches
  4 goblins
  7 hobgoblins
  7 jackals
  4 quokkas
  3 frilled lizards
  4 kobolds
  4 rats
60 creatures vanquished.

Notes
Turn   | Place    | Note
-------+----------+-------------------------------------------
     0 | D:1      | qw the Gargoyle Fighter began the quest for the Orb.
     0 | D:1      | Reached XP level 1. HP: 14/14 MP: 1/1
     0 | D:1      | 0 ||| qw: Version: 0.2-a-29-gc1b59c4
     0 | D:1      | 0 ||| qw: Game counter: 4177
     0 | D:1      | 0 ||| qw: Always use a shield: true
     0 | D:1      | 0 ||| qw: God list: Okawaru
     0 | D:1      | 0 ||| qw: Allow faded altars: false
     0 | D:1      | 0 ||| qw: Do Orc after D:15 true
     0 | D:1      | 0 ||| qw: Do second Lair branch before Depths: true
     0 | D:1      | 0 ||| qw: Lair rune preference: random
     0 | D:1      | 0 ||| qw: Plans: Normal, Zot:1-4, Slime:5, God:TSO, Crypt,
                  | Tomb, Abyss, Pan, Hells, Win
     0 | D:1      | 0 ||| PLANNING D:1-11
    87 | D:1      | Reached skill level 2 in Axes
   126 | D:1      | 126 ||| Stepping ~*~*~tactically~*~*~ (hiding).
   145 | D:1      | Found Docupexu's Book Shoppe.
   244 | D:1      | 244 ||| Stepping ~*~*~tactically~*~*~ (hiding).
   257 | D:1      | Reached XP level 2. HP: 19/19 MP: 2/2
   639 | D:1      | Reached skill level 3 in Axes
   639 | D:1      | 639 ||| Stepping ~*~*~tactically~*~*~ (stealth).
   642 | D:1      | 642 ||| Stepping ~*~*~tactically~*~*~ (hiding).
   721 | D:1      | Reached XP level 3. HP: 23/23 MP: 3/3
   912 | D:1      | 912 ||| READING scroll labelled ORUNNU WODGHEOCE.
   913 | D:1      | 913 ||| READING scroll labelled BUGATUEGRA.
   914 | D:1      | 914 ||| READING 2 scrolls labelled ASHIVY SEFEEJI.
   915 | D:1      | 915 ||| READING scroll labelled KEOCUO UBOKOLA.
   916 | D:1      | 916 ||| READING scroll labelled HIMOWU YBIULO.
   917 | D:1      | 917 ||| READING 2 scrolls labelled APHUTA QELEUBB.
   918 | D:1      | 918 ||| DROPPING scroll of fear.
  1038 | D:2      | Reached skill level 1 in Throwing
  1176 | D:2      | 1176 ||| Stepping ~*~*~tactically~*~*~ (stealth).
  1221 | D:2      | Identified the +0 ring mail of the Hunter {Str+5}
  1606 | D:2      | Reached XP level 4. HP: 28/28 MP: 4/4
  1738 | D:2      | 1738 ||| DROPPING orb of mayhem.
  1739 | D:2      | 1739 ||| UPGRADING to +0 ring mail of the Hunter {Str+5}.
  1749 | D:2      | 1749 ||| DROPPING +0 scale mail.
  1750 | D:2      | 1750 ||| READING 2 scrolls of identify.
  1750 | D:2      | 1750 ||| IDENTIFYING smoky brown potion
  1751 | D:2      | 1751 ||| DROPPING potion of ambrosia.
  1960 | D:3      | Reached skill level 4 in Axes
  2201 | D:3      | 2201 ||| DROPPING +0 whip.
  2562 | D:3      | 2562 ||| UPGRADING to +0 plate armour.
  2572 | D:3      | 2572 ||| DROPPING +0 ring mail of the Hunter {Str+5}.
  2573 | D:3      | 2573 ||| UPGRADING to amulet of faith.
  2578 | D:3      | 2578 ||| READING scroll labelled WOEDOF TINN.
  2579 | D:3      | 2579 ||| READING scroll labelled ELACEKK NENLY.
  2580 | D:3      | 2580 ||| READING scroll labelled ZAUMEUNOYHE.
  2584 | D:3      | 2584 ||| READING scroll labelled HUKIL FONAFE.
  2585 | D:3      | 2585 ||| READING 2 scrolls of identify.
  2585 | D:3      | 2585 ||| IDENTIFYING sapphire potion
  2614 | D:4      | Noticed Edmund
  2624 | D:4      | HP: 3/28 [Edmund/+2 dire flail of protection (8)]
  2625 | D:4      | 2625 ||| DRINKING potion of heal wounds.
  2627 | D:4      | Reached XP level 5. HP: 15/32 MP: 5/5
  2630 | D:4      | HP: 4/32 [Edmund/+2 dire flail of protection (12)]
  2630 | D:4      | Mangled by Edmund

Levels and vault maps discovered:
D:1:      psy_arrival_dodecagon, layout_loops_corners, serial_shops, shop,
          hangedman_abyss_or_decor_lesser_grid, st_stairs_7, solitary_fountain
D:2:      layout_basic
D:3:      minmay_general_purpose_star, layout_loops_ring, kennysheep_doodads
D:4:      layout_loops_corners, elyvilon_altar_1, kennysheep_mini_moat,
          nicolae_overflow_hidden_temple, uniq_edmund

Skill      XL: |  1  2  3  4 |
---------------+-------------+-----
Axes           | 2 3 4 |  4.4
Throwing       | 1 |  1.0
Fighting       | |  3.2
Armour         | |  3.2
Shields        | |  3.2

Action                     |  1- 3 |  4- 6 || total
---------------------------+-------+-------++-------
  Melee: War axe           |    78 |    64 ||   142
  Throw: Javelin           |    30 |    26 ||    56
         Boomerang         |     5 |     3 ||     8
    Use: Scroll            |     6 |     6 ||    12
         Potion            |       |     1 ||     1
 Armour: Scale mail        |    48 |    13 ||    61
         Ring mail         |       |    18 ||    18
         Plate armour      |       |    15 ||    15
  Dodge: Dodged            |    32 |    32 ||    64
  Block: Buckler           |    16 |    15 ||    31

Table legend:
 A = Non-vault XP
 B = Vault XP
 C = Vault XP percentage of total XP
 D = Non-vault monster count
 E = Vault monster count
 F = Vault count percentage of total count
                 A         B        C        D         E       F
            +---------+---------+-------+---------+---------+-------
      Total |     173 |      10 |   5.5 |      55 |       5 |   8.3
            +---------+---------+-------+---------+---------+-------
        D:1 |      32 |       4 |  11.1 |      18 |       2 |  10.0
        D:2 |      66 |       0 |   0.0 |      23 |       0 |   0.0
        D:3 |      35 |       6 |  14.6 |      13 |       3 |  18.8
        D:4 |      40 |       0 |   0.0 |       1 |       0 |   0.0
            +---------+---------+-------+---------+---------+-------
